[Event "Hastings International Chess Congress"]
[Site "?"]
[Date "2012.12.30"]
[Round "3.1"]
[White "Vovk, GM Andrey"]
[Black "Gao, IM Rui"]
[Result "1/2-1/2"]
[ECO "B51"]
[WhiteElo "2567"]
[BlackElo "2450"]
[PlyCount "48"]
[EventDate "2012.??.??"]
[TimeControl "6600+1750"]
[WhiteClock "0:18:45"]
[BlackClock "0:09:14"]

1. e4 c5 2. Nf3 d6 3. Bb5+ Nd7 4. O-O a6 5. Bd3 Ngf6 6. c3 b5 7. Bc2 Bb7 8. Qe2
g6 9. d4 Bg7 10. Re1 cxd4 11. cxd4 Rc8 12. Bd3 O-O 13. a4 Qb6 14. axb5 axb5 15.
Bd2 Ra8 16. Na3 Rfb8 17. Rac1 Nf8 18. d5 Ng4 19. Nxb5 Ba6 20. Rc6 Qxf2+ 21.
Qxf2 Nxf2 22. Kxf2 Bxb5 23. Bxb5 Rxb5 24. Bc3 Bxc3 1/2-1/2

[Event "Hastings International Chess Congress"]
[Site "?"]
[Date "2012.12.30"]
[Round "3.2"]
[White "Pert, GM Nicholas"]
[Black "Kirk, Ezra"]
[Result "1-0"]
[ECO "A05"]
[WhiteElo "2557"]
[BlackElo "2254"]
[PlyCount "85"]
[EventDate "2012.??.??"]
[TimeControl "6600+1225"]
[WhiteClock "0:42:32"]
[BlackClock "0:50:02"]

1. Nf3 Nf6 2. g3 g6 3. Bg2 Bg7 4. O-O O-O 5. d4 d6 6. a4 a5 7. Nc3 d5 8. Re1 c6
9. e4 dxe4 10. Nxe4 Na6 11. Bg5 Nc7 12. Qd2 Ncd5 13. Nc5 Re8 14. Bh6 Bh8 15. h3
Nd7 16. Nd3 N7b6 17. b3 Nf6 18. Rad1 Nbd5 19. Nde5 Bg7 20. Bxg7 Kxg7 21. Re2
Rf8 22. Rde1 e6 23. c4 Ne7 24. Qb2 Ne8 25. h4 f6 26. Nd3 Nc7 27. Nf4 Kf7 28. g4
c5 29. d5 e5 30. g5 Nf5 31. Nd3 b6 32. gxf6 Qxf6 33. Qxe5 Ne8 34. Ng5+ Kg8 35.
d6 Ra7 36. Qxe8 Rxe8 37. Rxe8+ Kg7 38. Rxc8 Qxd6 39. Nf4 Nxh4 40. Bd5 Kh6 41.
Nfe6 Kh5 42. Rd8 Rd7 43. Nf7 1-0

[Event "Hastings International Chess Congress"]
[Site "?"]
[Date "2012.12.30"]
[Round "3.6"]
[White "Williams, GM Simon K"]
[Black "Atako, Chino C"]
[Result "1-0"]
[ECO "C11"]
[WhiteElo "2515"]
[BlackElo "2117"]
[PlyCount "85"]
[EventDate "2012.??.??"]
[TimeControl "6600+1365"]
[WhiteClock "0:44:27"]
[BlackClock "0:12:16"]

1. e4 e6 2. Nf3 d5 3. Nc3 Nf6 4. e5 Nfd7 5. d4 c5 6. dxc5 Nc6 7. Bf4 Bxc5 8.
Bd3 h6 9. Qe2 a6 10. O-O Nb4 11. h4 Be7 12. h5 Nc5 13. Nd4 Bd7 14. Qg4 Ncxd3
15. cxd3 Bg5 16. Rad1 Bxf4 17. Qxf4 Qg5 18. Qh2 f5 19. Nce2 O-O 20. Nf4 Rfe8
21. a3 Nc6 22. Nxc6 bxc6 23. d4 Reb8 24. Rd2 Rb3 25. Rc1 Rab8 26. Rcc2 Rxa3 27.
g3 Rf3 28. Qg2 Rbb3 29. Rc3 Rfxc3 30. bxc3 Rxc3 31. Rb2 Qd8 32. Qf1 Rc4 33. Qb1
Qg5 34. Rb8+ Kh7 35. Ng6 Qxh5 36. Nf8+ Kg8 37. Nxd7+ Kf7 38. Nf8 Kg8 39. Nxe6+
Kh7 40. Nf8+ Kg8 41. e6 Rxd4 42. Nd7+ Kh7 43. Nf6+ 1-0

[Event "Hastings International Chess Congress"]
[Site "?"]
[Date "2012.12.30"]
[Round "3.7"]
[White "Hebden, GM Mark L"]
[Black "Duff, Rufus"]
[Result "0-1"]
[ECO "D30"]
[WhiteElo "2547"]
[BlackElo "2114"]
[PlyCount "102"]
[EventDate "2012.??.??"]
[TimeControl "6600+860"]
[WhiteClock "0:50:30"]
[BlackClock "0:40:21"]

1. d4 d5 2. Nf3 Nf6 3. c4 e6 4. Bg5 h6 5. Bxf6 Qxf6 6. Nc3 Bb4 7. e3 O-O 8. Be2
dxc4 9. O-O Qe7 10. Bxc4 c5 11. Ne4 cxd4 12. a3 Ba5 13. Nxd4 a6 14. Rc1 Bd7 15.
Qh5 Bb6 16. Rfd1 Rd8 17. b4 Ba4 18. Bb3 Be8 19. Nc5 Nc6 20. h3 Nxd4 21. exd4
Bc6 22. Rc3 Qf6 23. Qg4 Rd6 24. Rcd3 Rad8 25. Bc4 g6 26. R1d2 h5 27. Qd1 Kg7
28. Qa1 Bxc5 29. bxc5 R6d7 30. Rd1 Bd5 31. Bxd5 Rxd5 32. Qc3 R8d7 33. R3d2 Kh7
34. Qe3 Qd8 35. Rb1 e5 36. Rb6 exd4 37. Qf3 Rf5 38. Qe4 Rxc5 39. Rxb7 Rxb7 40.
Qxb7 Rc1+ 41. Kh2 Qd6+ 42. g3 Rc7 43. Qe4 Rd7 44. Rd3 Qd5 45. Qxd5 Rxd5 46. Kg2
f5 47. Kf3 Kg7 48. Ke2 Kf6 49. Rb3 Rb5 50. Rf3 Ke5 51. h4 Rb2+ 0-1

[Event "Hastings International Chess Congress"]
[Site "?"]
[Date "2012.12.30"]
[Round "3.8"]
[White "Hutchinson, Norman A"]
[Black "Sumets, GM Andrey"]
[Result "0-1"]
[ECO "B15"]
[WhiteElo "2108"]
[BlackElo "2638"]
[PlyCount "80"]
[EventDate "2012.??.??"]
[TimeControl "6600+680"]
[WhiteClock "0:35:57"]
[BlackClock "0:56:52"]

1. e4 c6 2. d4 d5 3. Nc3 g6 4. e5 Nh6 5. h4 Bg7 6. Bg5 f6 7. exf6 exf6 8. Bf4
O-O 9. Qd2 Nf7 10. Nf3 Re8+ 11. Be2 Bg4 12. O-O Nd7 13. Rfe1 Nb6 14. Nd1 f5 15.
Ng5 Rxe2 16. Rxe2 Nc4 17. Qe1 Bxe2 18. Qxe2 Nxg5 19. Bxg5 Qe8 20. Ne3 Bxd4 21.
c3 Bxe3 22. Re1 Qe4 23. Bxe3 Nxe3 24. f3 Qe7 25. Qxe3 Qxe3+ 26. Rxe3 Kf7 27.
Kf2 Re8 28. Rd3 Ke6 29. Rd4 Kd6 30. g4 fxg4 31. Rxg4 Re5 32. Ra4 a6 33. b4 Rf5
34. Ra3 Rf4 35. Kg3 Rc4 36. Rb3 Ke5 37. a4 b6 38. a5 b5 39. Ra3 Kd6 40. Rb3 c5
0-1

[Event "Hastings International Chess Congress"]
[Site "?"]
[Date "2012.12.30"]
[Round "3.9"]
[White "McKenna, Jason P"]
[Black "Zhou, IM Yang-Fan"]
[Result "1-0"]
[ECO "B72"]
[WhiteElo "2102"]
[BlackElo "2419"]
[PlyCount "89"]
[EventDate "2012.??.??"]
[TimeControl "6600+1870"]
[WhiteClock "0:34:07"]
[BlackClock "1:12:20"]

1. e4 c5 2. Nf3 d6 3. d4 Nf6 4. Nc3 cxd4 5. Nxd4 g6 6. Be3 a6 7. f3 b5 8. Qd2
Bb7 9. a4 b4 10. Nd1 e5 11. Nb3 d5 12. Bg5 Nbd7 13. exd5 Bxd5 14. Qxd5 Nxd5 15.
Bxd8 Kxd8 16. a5 N7f6 17. Bc4 Bd6 18. O-O Kc7 19. Re1 Kb7 20. Nf2 Rac8 21.
Bxd5+ Nxd5 22. Rad1 Kc6 23. Re4 Nf6 24. Rc4+ Kd7 25. Rxb4 Rxc2 26. Rb6 Rc6 27.
Nc5+ Rxc5 28. Rbxd6+ Ke7 29. Rxf6 Rxa5 30. Rb6 Rc8 31. Ne4 Rb5 32. Rxb5 axb5
33. Nc3 Rc5 34. Rd5 Rxd5 35. Nxd5+ Kd6 36. Nc3 Kc5 37. Kf2 Kc4 38. Ke3 f5 39.
Nd1 h6 40. Nf2 Kb3 41. Nd3 g5 42. g4 f4+ 43. Ke4 Kc2 44. h3 Kd2 45. Nxe5 1-0

[Event "Hastings International Chess Congress"]
[Site "?"]
[Date "2012.12.30"]
[Round "3.11"]
[White "Hamitevici, IM Vladimir"]
[Black "Wadsworth, Matthew J"]
[Result "1-0"]
[ECO "B10"]
[WhiteElo "2440"]
[BlackElo "2067"]
[PlyCount "79"]
[EventDate "2012.??.??"]
[TimeControl "6600+835"]
[WhiteClock "0:46:22"]
[BlackClock "0:21:41"]

1. e4 c6 2. Ne2 d5 3. e5 Bf5 4. Ng3 Bg6 5. h4 h6 6. h5 Bh7 7. e6 fxe6 8. d4 Nf6
9. Bd3 Bxd3 10. Qxd3 Na6 11. O-O Qd7 12. Qg6+ Kd8 13. c3 Qe8 14. Nd2 Qxg6 15.
hxg6 e5 16. dxe5 Nd7 17. f4 e6 18. Nh5 Bc5+ 19. Kh1 Rg8 20. g4 Kc7 21. Nb3 Rae8
22. Bd2 Bb6 23. Rae1 Nac5 24. Nxc5 Bxc5 25. f5 exf5 26. e6 Nf6 27. Nxf6 gxf6
28. gxf5 Bd6 29. Kg2 h5 30. Rh1 Rh8 31. Rh4 Be7 32. Reh1 c5 33. Kf3 Kd6 34.
Bf4+ Kc6 35. Rxh5 Rhg8 36. Rh7 b6 37. Rf7 a6 38. Rhh7 Bd8 39. e7 Bc7 40. Rxf6+
1-0

[Event "Hastings International Chess Congress"]
[Site "?"]
[Date "2012.12.30"]
[Round "3.12"]
[White "Prosviriakov, IM Vladimir"]
[Black "Safarian, Alek"]
[Result "1-0"]
[ECO "A03"]
[WhiteElo "2293"]
[BlackElo "2050"]
[PlyCount "55"]
[EventDate "2012.??.??"]
[TimeControl "6600+610"]
[WhiteClock "0:38:31"]
[BlackClock "0:07:01"]

1. f4 d5 2. Nf3 g6 3. g3 Bg7 4. Bg2 c5 5. O-O Nc6 6. d3 f5 7. c3 Nf6 8. Ne5 O-O
9. Nxc6 bxc6 10. Nd2 e5 11. fxe5 Ng4 12. Nf3 Nxe5 13. Nxe5 Bxe5 14. Qa4 Qb6 15.
Bh6 Rd8 16. Qh4 Re8 17. Rab1 Be6 18. Qa4 Rab8 19. Bf4 c4+ 20. Kh1 Bxf4 21. Rxf4
cxd3 22. exd3 Qb5 23. Qd4 c5 24. Qa4 Qxd3 25. Rd1 Qe2 26. b4 cxb4 27. cxb4 Rb5
28. Bf1 1-0

[Event "Hastings International Chess Congress"]
[Site "?"]
[Date "2012.12.30"]
[Round "3.14"]
[White "Hagen, Anders Gjerdrum"]
[Black "Rudd, IM Jack"]
[Result "0-1"]
[ECO "A64"]
[WhiteElo "2126"]
[BlackElo "2288"]
[PlyCount "58"]
[EventDate "2012.??.??"]
[TimeControl "6600+755"]
[WhiteClock "0:03:36"]
[BlackClock "1:34:24"]

1. d4 Nf6 2. c4 e6 3. Nc3 c5 4. d5 exd5 5. cxd5 d6 6. g3 g6 7. Bg2 Bg7 8. Nf3
O-O 9. O-O Re8 10. Nd2 a6 11. a4 Nbd7 12. h3 Nh5 13. Kh2 f5 14. a5 Ne5 15. f4
Nf7 16. e4 Nf6 17. Re1 fxe4 18. Ndxe4 Bf5 19. Bd2 b5 20. axb6 Qxb6 21. Na4 Qb5
22. Nxf6+ Bxf6 23. g4 Bd7 24. Bc3 Bxc3 25. bxc3 Rxe1 26. Qxe1 Qb3 27. f5 g5 28.
Bf3 Bxa4 29. Bd1 Qb2+ 0-1

[Event "Hastings International Chess Congress"]
[Site "?"]
[Date "2012.12.30"]
[Round "3.18"]
[White "Snape, Ian L"]
[Black "Barton, R Alan"]
[Result "1-0"]
[ECO "C00"]
[WhiteElo "2245"]
[BlackElo "2080"]
[PlyCount "99"]
[EventDate "2012.??.??"]
[TimeControl "6600+945"]
[WhiteClock "1:02:37"]
[BlackClock "0:43:27"]

1. e4 e6 2. d4 a6 3. Nc3 b5 4. Bd3 Bb7 5. Nf3 c5 6. O-O cxd4 7. Nxd4 Nc6 8. Nb3
Nf6 9. Re1 d6 10. f4 Be7 11. a4 b4 12. Nb1 Qc7 13. Be3 O-O 14. N1d2 Rfe8 15. a5
Nd7 16. Qg4 Bf6 17. Nc4 Rad8 18. Rad1 d5 19. Bb6 Nxb6 20. axb6 Qb8 21. exd5
exd5 22. Qf5 Re6 23. Rxe6 fxe6 24. Qxe6+ Kf8 25. Re1 Qc8 26. Nd6 Qxe6 27. Rxe6
Nd4 28. Rxf6+ gxf6 29. Nxb7 Rb8 30. N3c5 Ke7 31. Kf2 a5 32. b3 h6 33. Ke3 Ne6
34. Nxe6 Rxb7 35. Nd4 h5 36. Be2 h4 37. Nf5+ Ke6 38. Nxh4 Rxb6 39. Nf3 Rb8 40.
Nd4+ Kd6 41. h4 Rc8 42. h5 Re8+ 43. Kd3 Kc5 44. Bg4 Rg8 45. Bf3 Rh8 46. g4 Kd6
47. h6 Rh7 48. Nf5+ Ke6 49. Kd4 Rd7 50. Ne3 1-0

[Event "Hastings International Chess Congress"]
[Site "?"]
[Date "2012.12.30"]
[Round "3.2"]
[White "Ramstad, Havard"]
[Black "Melekhina, FM Alisa"]
[Result "1-0"]
[ECO "A43"]
[WhiteElo "2071"]
[BlackElo "2221"]
[PlyCount "75"]
[EventDate "2012.??.??"]
[TimeControl "6600+1740"]
[WhiteClock "0:01:21"]
[BlackClock "0:02:06"]

1. d4 Nf6 2. c4 c5 3. d5 d6 4. Nc3 g6 5. Nf3 Bg7 6. e4 O-O 7. Be2 e5 8. O-O Na6
9. Rb1 Ne8 10. a3 f5 11. Ng5 Nac7 12. exf5 gxf5 13. f4 e4 14. Be3 Nf6 15. Kh1
h6 16. Nh3 a6 17. Nf2 b5 18. cxb5 axb5 19. Nxb5 Nfxd5 20. Bc4 Be6 21. Nxc7 Nxc7
22. Bxe6+ Nxe6 23. Qd5 Qe7 24. Nxe4 fxe4 25. f5 Rae8 26. b4 Qf7 27. Qxd6 Ng5
28. bxc5 Be5 29. Qd1 Kh8 30. Rb6 Qh7 31. Qh5 Bg7 32. f6 Kg8 33. Bxg5 Re5 34.
f7+ Kh8 35. Rxh6 Bxh6 36. Bf6+ Bg7 37. Bxg7+ Kxg7 38. Qxe5+ 1-0

[Event "Hastings International Chess Congress"]
[Site "?"]
[Date "2012.12.30"]
[Round "3.3"]
[White "Lenier, Jude A"]
[Black "Gu, WGM Xiaobing"]
[Result "0-1"]
[ECO "B90"]
[WhiteElo "2069"]
[BlackElo "2209"]
[PlyCount "56"]
[EventDate "2012.??.??"]
[TimeControl "6600+835"]
[WhiteClock "0:26:20"]
[BlackClock "0:49:44"]

1. e4 c5 2. Nf3 d6 3. d4 cxd4 4. Nxd4 Nf6 5. Nc3 a6 6. Qf3 g6 7. h3 Bg7 8. Be3
Nc6 9. O-O-O O-O 10. g4 Nxd4 11. Bxd4 Qa5 12. Qe3 Nd7 13. Bxg7 Kxg7 14. h4 Ne5
15. f3 h6 16. h5 g5 17. Be2 Be6 18. f4 gxf4 19. Qxf4 f6 20. a3 Rac8 21. Rdg1
Rxc3 22. bxc3 Qxc3 23. g5 hxg5 24. Rxg5+ Kf7 25. h6 Rc8 26. Rg7+ Kf8 27. Kd1
Qxc2+ 28. Ke1 Qb1+ 0-1

[Event "Hastings International Chess Congress"]
[Site "?"]
[Date "2012.12.30"]
[Round "3.4"]
[White "Jaunooby, Ali R"]
[Black "Haria, Ravi"]
[Result "1-0"]
[ECO "E10"]
[WhiteElo "2178"]
[BlackElo "2032"]
[PlyCount "61"]
[EventDate "2012.??.??"]
[TimeControl "6600+1055"]
[WhiteClock "0:14:07"]
[BlackClock "0:02:39"]

1. d4 Nf6 2. Nf3 c5 3. d5 e6 4. c4 b5 5. Bg5 exd5 6. cxd5 d6 7. e4 a6 8. a4 Be7
9. Bxf6 Bxf6 10. axb5 Bxb2 11. Ra2 Bf6 12. bxa6 Bxa6 13. Bb5+ Bxb5 14. Rxa8 O-O
15. Qb3 Ba6 16. Nbd2 Qc7 17. Nc4 Bxc4 18. Qxc4 Qb7 19. Qa2 Qb4+ 20. Nd2 Bg5 21.
Ra4 Qc3 22. Ke2 f5 23. Nf3 Bh6 24. e5 Re8 25. Rb1 Nd7 26. e6 Nf6 27. Rd1 g5 28.
Rd3 Nxd5 29. Rxd5 g4 30. Ne5 Rxe6 31. Rxc5 1-0

[Event "Hastings International Chess Congress"]
[Site "?"]
[Date "2012.12.30"]
[Round "3.5"]
[White "Burnett, Jim"]
[Black "Pickersgill, Adrian O"]
[Result "1-0"]
[ECO "A41"]
[WhiteElo "2172"]
[BlackElo "2029"]
[PlyCount "107"]
[EventDate "2012.??.??"]
[TimeControl "6600+835"]
[WhiteClock "0:27:23"]
[BlackClock "0:02:02"]

1. d4 d6 2. g3 Nf6 3. Bg2 c6 4. Nf3 Bg4 5. h3 Bh5 6. O-O Nbd7 7. c4 e5 8. Nc3
Be7 9. e4 O-O 10. Be3 Re8 11. Qd2 a5 12. Rac1 Bf8 13. d5 Bxf3 14. Bxf3 c5 15.
Rb1 Be7 16. Qc2 Nb6 17. Be2 Qd7 18. Kg2 Bd8 19. b3 Qe7 20. a3 Nbd7 21. Rb2 b6
22. Rfb1 h6 23. f3 Bc7 24. Nb5 Rec8 25. h4 Bd8 26. Kf2 Ne8 27. Bf1 Nc7 28. Nc3
Rcb8 29. Qd3 Na6 30. Bh3 Nf8 31. Rg1 Rb7 32. Ke1 Ng6 33. Bf5 Qf6 34. Qf1 Ne7
35. Bh3 Kf8 36. Rbg2 Ng6 37. Kd2 Ke8 38. h5 Nf8 39. f4 Nh7 40. Rf2 Qe7 41. Bf5
Nf6 42. Qh3 Nc7 43. a4 Ng8 44. Re2 Kf8 45. Rge1 Ne8 46. Kc2 Rc7 47. Nb5 Rb7 48.
Rd1 Nc7 49. Nc3 Ne8 50. Red2 Qf6 51. fxe5 dxe5 52. d6 Rbb8 53. Nb5 Ra6 54. Rf2
1-0

[Event "Hastings International Chess Congress"]
[Site "?"]
[Date "2012.12.30"]
[Round "3.6"]
[White "Byron, Alan M"]
[Black "Stonehouse, Tom H"]
[Result "1-0"]
[ECO "C98"]
[WhiteElo "2167"]
[BlackElo "1922"]
[PlyCount "87"]
[EventDate "2012.??.??"]
[TimeControl "6600+1040"]
[WhiteClock "0:00:56"]
[BlackClock "0:26:15"]

1. e4 e5 2. Nf3 Nc6 3. Bb5 a6 4. Ba4 Nf6 5. O-O Be7 6. Re1 b5 7. Bb3 O-O 8. h3
d6 9. c3 Na5 10. Bc2 c5 11. d4 Qc7 12. Nbd2 Nc6 13. d5 Nb8 14. a4 Ra7 15. Nf1
Nbd7 16. a5 c4 17. g4 Nc5 18. Ng3 g6 19. Bh6 Rd8 20. Qd2 Ne8 21. Kh2 Ng7 22.
Rg1 Bf8 23. Rg2 f6 24. g5 Qd7 25. Rh1 Qxh3+ 26. Kg1 Qg4 27. Qe3 Qf4 28. gxf6
Qxe3 29. Bxe3 Ne8 30. Bxc5 dxc5 31. Nxe5 Nxf6 32. Nc6 Rdd7 33. Nxa7 Rxa7 34.
Nf5 Kf7 35. Ne3 Re7 36. f3 Ke8 37. Kf2 Nh5 38. Rxh5 gxh5 39. Rh2 Bg7 40. Rxh5
Be5 41. Nf5 Bxf5 42. Rxf5 b4 43. f4 Bc7 44. Ba4+ 1-0

[Event "Hastings International Chess Congress"]
[Site "?"]
[Date "2012.12.30"]
[Round "3.7"]
[White "Maroroa, WIM Sue"]
[Black "Rayner, Francis"]
[Result "0-1"]
[ECO "B40"]
[WhiteElo "2037"]
[BlackElo "2166"]
[PlyCount "58"]
[EventDate "2012.??.??"]
[TimeControl "6600+925"]
[WhiteClock "0:20:54"]
[BlackClock "0:14:23"]

1. e4 c5 2. Nf3 e6 3. g3 Nc6 4. Bg2 Nf6 5. Qe2 Qc7 6. O-O Be7 7. c3 d5 8. d3 b6
9. Bf4 Qd8 10. Na3 Bb7 11. e5 Nd7 12. h4 Nf8 13. Bg5 a6 14. c4 h6 15. Bd2 g5
16. h5 Qc7 17. Rfe1 O-O-O 18. Rac1 d4 19. Nc2 Nd7 20. g4 Rhf8 21. a3 f5 22.
exf6 Rxf6 23. b4 Rdf8 24. bxc5 Nxc5 25. Rf1 Rxf3 26. Bxf3 Rxf3 27. Qxf3 Ne5 28.
Qe2 Nf3+ 29. Kg2 Qh2# 0-1

[Event "Hastings International Chess Congress"]
[Site "?"]
[Date "2012.12.30"]
[Round "3.8"]
[White "Grant, Alan G"]
[Black "Dennis, Nigel W"]
[Result "1-0"]
[ECO "A15"]
[WhiteElo "2165"]
[BlackElo "1904"]
[PlyCount "75"]
[EventDate "2012.??.??"]
[TimeControl "6600+770"]
[WhiteClock "0:17:04"]
[BlackClock "0:26:49"]

1. c4 Nf6 2. g3 g6 3. Bg2 Bg7 4. Nc3 d6 5. d3 O-O 6. Bg5 c5 7. Qd2 Nc6 8. Nf3
a6 9. O-O Rb8 10. a4 Nd4 11. Rab1 Nxf3+ 12. Bxf3 Bh3 13. Rfc1 Qd7 14. b4 Rfc8
15. Bxf6 Bxf6 16. Nd5 b5 17. a5 Qf5 18. Be4 Qe6 19. Nb6 Rc7 20. cxb5 axb5 21.
Nd5 Rcc8 22. a6 Qd7 23. Nxf6+ exf6 24. Bb7 Rxb7 25. axb7 Qxb7 26. f3 cxb4 27.
Rxc8+ Qxc8 28. Qxb4 Qc2 29. Kf2 Bd7 30. d4 d5 31. Ra1 Kg7 32. Ra8 f5 33. Qf8+
Kf6 34. Qh8+ Kg5 35. Qxh7 f4 36. Qh4+ Kf5 37. Qxf4+ Ke6 38. Qe5# 1-0

[Event "Hastings International Chess Congress"]
[Site "?"]
[Date "2012.12.30"]
[Round "3.9"]
[White "Taylor, Adam C"]
[Black "Flear, WIM Christine"]
[Result "1/2-1/2"]
[ECO "A25"]
[WhiteElo "1946"]
[BlackElo "2156"]
[PlyCount "38"]
[EventDate "2012.??.??"]
[TimeControl "6600+1155"]
[WhiteClock "0:21:50"]
[BlackClock "0:23:36"]

1. c4 e5 2. g3 Nc6 3. Nc3 g6 4. Bg2 Bg7 5. e4 d6 6. Nge2 Be6 7. Nd5 Qd7 8. d3
Rc8 9. h4 h6 10. Be3 Nf6 11. f3 b6 12. Qd2 h5 13. Rc1 O-O 14. Bh6 Nh7 15. Bxg7
Kxg7 16. d4 Nxd4 17. Nxd4 exd4 18. Qxd4+ f6 19. Nf4 Rce8 1/2-1/2

[Event "Hastings International Chess Congress"]
[Site "?"]
[Date "2012.12.30"]
[Round "3.10"]
[White "Anderson, John"]
[Black "Kvisla, Johannes Luangtep"]
[Result "1/2-1/2"]
[ECO "B28"]
[WhiteElo "2161"]
[BlackElo "2148"]
[PlyCount "84"]
[EventDate "2012.??.??"]
[TimeControl "6600+770"]
[WhiteClock "0:03:47"]
[BlackClock "0:30:07"]

1. e4 c5 2. Nf3 a6 3. g3 b5 4. Bg2 Bb7 5. d3 g6 6. Be3 Bg7 7. Qc1 d6 8. Nc3 e6
9. O-O Nc6 10. Ne2 Nge7 11. Bh6 O-O 12. h4 Ne5 13. Nh2 Bxh6 14. Qxh6 f5 15. Qe3
N7c6 16. h5 Qf6 17. hxg6 hxg6 18. exf5 exf5 19. Nf4 Rae8 20. Rae1 Nd8 21. Bxb7
Nxb7 22. Qd2 Qf7 23. Nh3 Nd8 24. Ng5 Qxa2 25. Ra1 Qxb2 26. Rxa6 Ndf7 27. Nxf7
Nxf7 28. Nf3 Ra8 29. Rxa8 Rxa8 30. Re1 Ra1 31. Rxa1 Qxa1+ 32. Kh2 Ne5 33. Nxe5
Qxe5 34. Qg5 Kf7 35. Qd8 b4 36. Qd7+ Qe7 37. Qc6 Kg7 38. Kg2 Kf6 39. Qc8 Qe6
40. Qf8+ Ke5 41. Qh8+ Kd5 42. Qa8+ Ke5 1/2-1/2